 Dungeon Crawl Stone Soup version 0.29.1-1-gd02db6906a (webtiles) character file.

Game seed: 4103868669121282982

19 gzilladon the Chopper (level 2, -1/27 HPs)
             Began as a Hill Orc Berserker on Sept 23, 2022.
             Was an Initiate of Beogh.
             Slain by a polar bear (6 damage)
             ... created by the rage of Trog
             ... on level 1 of the Dungeon.
             The game lasted 00:06:37 (1273 turns).

gzilladon the Chopper (Hill Orc Berserker)          Turns: 1273, Time: 00:06:38

Health: -1/27      AC:  3    Str: 19    XL:     2   Next: 75%
Magic:  2/2        EV: 11    Int:  7    God:    Beogh [......]
Gold:   81         SH:  3    Dex: 10    Spells: 1/1 levels left

rFire   . . .      SeeInvis .   a - +0 hand axe
rCold   . . .      Faith    .   m - +0 buckler
rNeg    . . .      Spirit   .   r - +0 leather armour
rPois   .          Reflect  .   (no helmet)
rElec   .          Harm     .   (no cloak)
rCorr   +          Rampage  .   (no gloves)
Will    .....                   (no boots)
Stlth   +.........              (no amulet)
HPRegen 0.09/turn               w - ring of resist corrosion
MPRegen 0.08/turn               (no ring)

@: no status effects
A: no striking features
a: Renounce Religion


You were on level 1 of the Dungeon.
You worshipped Beogh.
Beogh was noncommittal.
You visited 1 branch of the dungeon, and saw 3 of its levels.

You collected 81 gold pieces.

Inventory:

Hand Weapons
 a - a +0 hand axe (weapon)
 d - a +0 short sword
 h - a +0 club
 o - a +0 whip
 u - a +0 hand axe
 y - a +0 short sword
 A - a +0 dagger
Missiles
 c - 9 stones (quivered)
 q - a throwing net
Armour
 b - a +0 animal skin
 j - a +0 robe
 m - a +0 buckler (worn)
 n - a +0 robe
 r - a +0 leather armour (worn)
 s - a +0 leather armour
Jewellery
 w - a ring of resist corrosion (left hand)
Scrolls
 i - 3 scrolls of identify {unknown}
 k - 3 scrolls of poison {unknown}
 l - a scroll of teleportation {unknown}
 v - a scroll of brand weapon {unknown}
Potions
 e - a potion of mutation {unknown}
 f - a potion of might {unknown}
 g - a potion of invisibility {unknown}
 p - a potion of haste {unknown}
 t - 2 potions of heal wounds {unknown}
 x - a potion of ambrosia {unknown}
 z - a potion of degeneration {unknown}


   Skills:
 * Level 4.2 Fighting
 + Level 4.4 Axes
 * Level 2.3 Armour
 + Level 1.6 Dodging
 * Level 0.4 Shields


You had one spell level left.
You didn't know any spells.
Your spell library contained the following spells:

 Spells                   Type           Power      Damage    Failure   Level
 Ozocubu's Armour         Ice            0%         N/A       92%         3
 Ozocubu's Refrigeration  Ice            0%         4d7       100%        7


Dungeon Overview and Level Annotations

Branches:
Dungeon (3/15)

Altars:


Message History

A ball python comes into view.
The ball python hisses angrily.
The ball python bites you. The ball python grabs you.
The ball python constricts you.
You completely miss the ball python. The ball python bites you.
The ball python constricts you. The ball python closely misses you.
The ball python constricts you.
You slash the ball python!
You kill the ball python!
Beogh accepts your kill.
You see here a ball python corpse.
Found 11 gold pieces.
A bat comes into view.
You see here 11 gold pieces.
You now have 81 gold pieces (gained 11).
The bat barely misses you.
You miss the bat. The bat hits you but does no damage. x3
You closely miss the bat. The bat closely misses you.
The bat barely misses you. The bat hits you but does no damage.
You slash the bat!
You kill the bat!
Beogh accepts your kill.
You start resting.
HP restored.
You see here a bat corpse.
Trog sends monsters to punish you. 2 polar bears and a black bear come into view.
You hit the polar bear.
The polar bear is lightly wounded.
The black bear rages.
A ball python comes into view.
The polar bear bites you!
Ouch! That really hurt!
The polar bear claws you. x2
* * * LOW HITPOINT WARNING * * *
You hear an angry growl.
The polar bear attacks as you move away!
The polar bear barely misses you. The polar bear closely misses you.
The polar bear claws you.
You die...

#.#
#.....#.#
#.. #..♣ #.#
##.....#.#
#..# #..
.......#.#
#..# #..
#.....#†# ..
# #..
.######.# #.
#.. #......#
#.####..
#.######
#.#..... #.#
#.#.###. #
##@#
#....>..
#.###h.###.#
##..##.#
#.h.h......#
##.###.#
#S########.#
#..+ +.# #
#.####+#
#.#.....
#.#..#.8
#....§§. #.
###....§


You could see 2 polar bears.

Vanquished Creatures
  3 bats
  An endoplasm (D:3)
  A giant cockroach (D:3)
  A goblin (D:1)
  4 hobgoblins
  A quokka (D:3)
  A ball python (D:1)
  A frilled lizard (D:3)
  2 kobolds
  2 rats
17 creatures vanquished.

Vanquished Creatures (others)
  3 orcs (D:3)
  A giant cockroach (D:3)
4 creatures vanquished.

Grand Total: 21 creatures vanquished

Notes
Turn   | Place    | Note
-------+----------+-------------------------------------------
     0 | D:1      | gzilladon the Hill Orc Berserker began the quest for the
                  | Orb.
     0 | D:1      | Reached XP level 1. HP: 19/19 MP: 1/1
   496 | D:3      | Reached XP level 2. HP: 22/27 MP: 2/2
  1054 | D:3      | Fell from the grace of Trog
  1054 | D:3      | Became a worshipper of Beogh the Brigand
  1269 | D:1      | Noticed a polar bear
  1269 | D:1      | Noticed a polar bear
  1269 | D:1      | Noticed a black bear
  1273 | D:1      | Slain by a polar bear

Illustrated notes

Levels and vault maps discovered:
D:1:      shiori_arrival_oz, layout_loops_ring, serial_co_window_serial,
          co_window_paths_a, co_window_paths_b, co_window_paths_a,
          co_window_corner_a, co_window_paths_a, co_window_corner_ca,
          co_window_2corner, co_window_broadway_c, co_window_of_opportunity_c,
          co_window_corner_b, glass_columns_c, glass_columns_a, glass_columns_b,
          glass_columns_a, dilly_ecumenical_altar_fadedgnrine
D:2:      layout_loops_cross, basic_altar
D:3:      layout_basic, serial_shops, nicolae_lakefront_shop

Skill      XL: |  1 |
---------------+----+-----
Fighting       | 4 |  4.2
Axes           | |  4.4
Armour         | |  2.3
Dodging        | |  1.6
Shields        | |  0.4

Action                   || total
-------------------------++-------
Melee: Hand axe          ||    55
Invok: Convert to Beogh  ||     1
Armor: Animal skin       ||    10
       Leather armour    ||    13
Dodge: Dodged            ||    26
Block: Buckler           ||     6
